PCL
CALGARY COWBOYS @ HOUSTON HAMMERTIME
05/01/2024
 
TOP OF THE 1ST
Calgary Cowboys batting - Pitching for Houston Hammertime : LHP Keith Swanson
Pitching: LHP Keith Swanson
Batting: RHB Mike Wilcox 0-0: Ball
1-0: Ball
2-0: Ball
3-0: Called Strike
3-1: Base on Balls
Batting: RHB Dan Wyatt 0-0: Ball
1-0: Called Strike
1-1: Ball
2-1: Called Strike
2-2: Foul Ball, location: 2F
2-2: Ball
3-2: Fly out, F7 (Flyball, 78XD)
Batting: LHB Freddy Herrera 0-0: Ball
1-0: Called Strike
Mike Wilcox steals 2nd base
1-1: Swinging Strike
Passed Ball!
Mike Wilcox to third
1-2: Ball
2-2: Ball
3-2: Ground out 3-6 (Groundball, 3L)
Batting: RHB Cristián Peña 0-0: Ball
1-0: Called Strike
1-1: DOUBLE (Flyball, 8RD)
Mike Wilcox scores
Batting: RHB Clark Hodge 0-0: Ball
1-0: Foul Ball, location: 2F
1-1: Ball
2-1: Foul Ball, location: 2F
2-2: Fly out, F9 (Flyball, 9M)
Top of the 1st over - 1 run(s), 1 hit(s), 0 error(s), 1 left on base; Calgary 1 - Houston 0
BOTTOM OF THE 1ST
Houston Hammertime batting - Pitching for Calgary Cowboys : RHP Bert Killick
Pitching: RHP Bert Killick
Batting: RHB Robert Powell 0-0: Called Strike
0-1: Fly out, F4 (Line Drive, 4)
Batting: LHB José Villegas 0-0: Ball
1-0: Called Strike
1-1: Foul Ball, location: 2F
1-2: Foul Ball, location: 2F
1-2: Ground out 4-3 (Groundball, 4M)
Batting: SHB Cristo Ontiveros 0-0: Called Strike
0-1: SINGLE (Groundball, 34D)
Batting: RHB Earl Wiggins 0-0: Called Strike
0-1: Ball
1-1: Ball
2-1: Foul Ball, location: 2F
2-2: DOUBLE (Line Drive, 5D)
Cristo Ontiveros to third
Batting: RHB Mario Beltrán 0-0: Ball
1-0: Ball
2-0: Ball
3-0: Base on Balls
Batting: RHB John Pick 0-0: Foul Ball, location: 2F
0-1: Foul Ball, location: 2F
0-2: Ball
1-2: Ball
2-2: Strikes out swinging
Bottom of the 1st over - 0 run(s), 2 hit(s), 0 error(s), 3 left on base; Calgary 1 - Houston 0
TOP OF THE 2ND
Calgary Cowboys batting - Pitching for Houston Hammertime : LHP Keith Swanson
Batting: RHB Mario Sánchez 0-0: SINGLE (Line Drive, 9LS)
Batting: RHB Iain Liefting 0-0: Swinging Strike
0-1: Ground out 5-3 (Groundball, 5S)
Mario Sánchez to second
Batting: RHB Derek Carr 0-0: Ball
1-0: Ball
2-0: Ball
3-0: Base on Balls
Batting: RHB Tom Yarbrough 0-0: Ball
1-0: Called Strike
1-1: Ball
2-1: Fielders Choice at 2nd, 5-4 (Groundball, 5)
Mario Sánchez to third
Batting: RHB Mike Wilcox 0-0: Ball
1-0: Foul Ball, location: 2F
1-1: Foul Ball, location: 2F
1-2: Fly out, F6 (Popup, 6MD)
Top of the 2nd over - 0 run(s), 1 hit(s), 0 error(s), 2 left on base; Calgary 1 - Houston 0
BOTTOM OF THE 2ND
Houston Hammertime batting - Pitching for Calgary Cowboys : RHP Bert Killick
Batting: RHB Santo Cruz 0-0: Ball
1-0: Called Strike
1-1: Called Strike
1-2: Ball
2-2: Foul Ball, location: 2F
2-2: Foul Ball, location: 2F
2-2: Foul Ball, location: 2F
2-2: Foul Ball, location: 2F
2-2: Foul Ball, location: 2F
2-2: Foul Ball, location: 2F
2-2: Fly out, F8 (Flyball, 8RM)
Batting: LHB Fernando Camacho 0-0: Ball
1-0: Called Strike
1-1: Ball
2-1: Ball
3-1: SINGLE (Line Drive, 34D)
Batting: RHB Moo-hyun Pak 0-0: Ball
1-0: Swinging Strike
1-1: Swinging Strike
1-2: Foul Ball, location: 2F
1-2: Ball
2-2: Foul Ball, location: 2F
2-2: Strikes out swinging
Batting: RHB Robert Powell 0-0: Ball
1-0: Foul Ball, location: 2F
1-1: Ball
2-1: Ball
3-1: Base on Balls
Fernando Camacho to second
Batting: LHB José Villegas Balk!
Fernando Camacho to third
Robert Powell to second
0-0: Ball
1-0: Ball
2-0: Ball
3-0: Base on Balls
Batting: SHB Cristo Ontiveros 0-0: Ball
1-0: Foul Ball, location: 2F
1-1: Called Strike
1-2: SINGLE (Line Drive, 6D)
Fernando Camacho scores
Robert Powell to third
José Villegas to second
Runner from 3rd tries for Home, SAFE, no throw or cutoff
Batting: RHB Earl Wiggins 0-0: Called Strike
0-1: Ball
1-1: Fly out, F8 (Flyball, 8LD)
Bottom of the 2nd over - 2 run(s), 2 hit(s), 0 error(s), 2 left on base; Calgary 1 - Houston 2
TOP OF THE 3RD
Calgary Cowboys batting - Pitching for Houston Hammertime : LHP Keith Swanson
Batting: RHB Dan Wyatt 0-0: SINGLE (Line Drive, 7S)
Batting: LHB Freddy Herrera 0-0: Ball
1-0: Foul Ball, location: 2F
1-1: Ball
2-1: Grounds into double play, 4-3-6 (Groundball, 34)
Batting: RHB Cristián Peña 0-0: Ball
1-0: Ball
2-0: Ground out 5-3 (Groundball, 5S)
Top of the 3rd over - 0 run(s), 1 hit(s), 0 error(s), 0 left on base; Calgary 1 - Houston 2
BOTTOM OF THE 3RD
Houston Hammertime batting - Pitching for Calgary Cowboys : RHP Bert Killick
Batting: RHB Mario Beltrán 0-0: Ball
1-0: Fly out, F8 (Line Drive, 8LS)
Batting: RHB John Pick 0-0: SINGLE (Groundball, 56D) (infield hit)
Batting: RHB Santo Cruz 0-0: Swinging Strike
0-1: Foul Ball, location: 2F
0-2: Ball
1-2: Fly out, F6 (Line Drive, 6)
Batting: LHB Fernando Camacho 0-0: Ball
John Pick steals 2nd base
1-0: Swinging Strike
1-1: Ball
2-1: Foul Ball, location: 2F
2-2: Foul Ball, location: 2F
2-2: Ball
3-2: Foul Ball, location: 2F
3-2: SINGLE (Line Drive, 4D)
John Pick to third
John Pick scores
Batting: RHB Moo-hyun Pak 0-0: Called Strike
0-1: Swinging Strike
0-2: Ball
1-2: 2-RUN HOME RUN (Line Drive, 7D), Distance : 354 ft
Batting: RHB Robert Powell 0-0: Called Strike
0-1: Ball
1-1: Ball
2-1: Foul Ball, location: 2F
2-2: Fly out, F2 (Popup, 2RF)
Bottom of the 3rd over - 3 run(s), 3 hit(s), 0 error(s), 0 left on base; Calgary 1 - Houston 5
TOP OF THE 4TH
Calgary Cowboys batting - Pitching for Houston Hammertime : LHP Keith Swanson
Batting: RHB Clark Hodge 0-0: Ball
1-0: Called Strike
1-1: Ball
2-1: Called Strike
2-2: Ball
3-2: Strikes out looking
Batting: RHB Mario Sánchez 0-0: Fly out, F4 (Line Drive, 4)
Batting: RHB Iain Liefting 0-0: Called Strike
0-1: Swinging Strike
0-2: Ball
1-2: Strikes out looking
Top of the 4th over - 0 run(s), 0 hit(s), 0 error(s), 0 left on base; Calgary 1 - Houston 5
BOTTOM OF THE 4TH
Houston Hammertime batting - Pitching for Calgary Cowboys : RHP Bert Killick
Pitching: LHP Mario Rosário
Batting: LHB José Villegas 0-0: Called Strike
0-1: Foul Ball, location: 2F
0-2: Strikes out swinging
Batting: SHB Cristo Ontiveros 0-0: Ball
1-0: Swinging Strike
1-1: Foul Ball, location: 2F
1-2: Foul Ball, location: 2F
1-2: Ball
2-2: Ball
3-2: Ground out 5-3 (Groundball, 56S)
Batting: RHB Earl Wiggins 0-0: Foul Ball, location: 2F
0-1: Ball
1-1: Ball
2-1: SOLO HOME RUN (Flyball, 8LXD), Distance : 420 ft
Batting: RHB Mario Beltrán 0-0: Called Strike
0-1: Foul Ball, location: 2F
0-2: Foul Ball, location: 2F
0-2: SINGLE (Line Drive, 34D)
Batting: RHB John Pick 0-0: Ground out 4-3 (Groundball, 4)
Bottom of the 4th over - 1 run(s), 2 hit(s), 0 error(s), 1 left on base; Calgary 1 - Houston 6
TOP OF THE 5TH
Calgary Cowboys batting - Pitching for Houston Hammertime : LHP Keith Swanson
Batting: RHB Derek Carr 0-0: Ball
1-0: Swinging Strike
1-1: Fly out, F9 (Flyball, 89D)
Batting: RHB Tom Yarbrough 0-0: Ball
1-0: SINGLE (Groundball, 56)
Batting: RHB Mike Wilcox 0-0: Ball
1-0: Foul Ball, location: 2F
1-1: Ball
2-1: Foul Ball, location: 2F
2-2: Fielders Choice at 2nd, 6-4 (Groundball, 6)
Batting: RHB Dan Wyatt 0-0: Ball
1-0: Called Strike
1-1: Ground out 6-3 (Groundball, 6)
Top of the 5th over - 0 run(s), 1 hit(s), 0 error(s), 1 left on base; Calgary 1 - Houston 6
BOTTOM OF THE 5TH
Houston Hammertime batting - Pitching for Calgary Cowboys : LHP Mario Rosário
Batting: RHB Santo Cruz 0-0: Ball
1-0: Ball
2-0: Ground out 6-3 (Groundball, 6M)
Batting: LHB Fernando Camacho 0-0: SINGLE (Groundball, 4MD)
Batting: RHB Moo-hyun Pak 0-0: Called Strike
0-1: Ball
1-1: SINGLE (Line Drive, 8LS)
Fernando Camacho to second
Batting: RHB Robert Powell 0-0: Ball
1-0: Called Strike
1-1: Ball
2-1: Grounds into double play, 4-6-3 (Groundball, 4)
Bottom of the 5th over - 0 run(s), 2 hit(s), 0 error(s), 1 left on base; Calgary 1 - Houston 6
TOP OF THE 6TH
Calgary Cowboys batting - Pitching for Houston Hammertime : LHP Keith Swanson
Batting: LHB Freddy Herrera 0-0: Ball
1-0: Ball
2-0: DOUBLE (Flyball, 89M)
Batting: RHB Cristián Peña 0-0: Ball
1-0: Foul Ball, location: 2F
1-1: Ball
2-1: Swinging Strike
2-2: Ball
3-2: Fly out, F7 (Flyball, 7LM)
Batting: RHB Clark Hodge 0-0: Called Strike
0-1: Called Strike
0-2: SINGLE (Groundball, 13) (infield hit)
Freddy Herrera to third
Pitching: RHP Daniel Félix
Batting: RHB Mario Sánchez 0-0: Ball
1-0: Called Strike
1-1: Ball
2-1: Ball
3-1: Swinging Strike
3-2: Strikes out swinging
Batting: RHB Iain Liefting 0-0: Called Strike
0-1: Foul Ball, location: 2F
0-2: Ball
1-2: Ball
2-2: Strikes out swinging
Top of the 6th over - 0 run(s), 2 hit(s), 0 error(s), 2 left on base; Calgary 1 - Houston 6
BOTTOM OF THE 6TH
Houston Hammertime batting - Pitching for Calgary Cowboys : LHP Mario Rosário
Batting: LHB José Villegas 0-0: Called Strike
0-1: Called Strike
0-2: Ball
1-2: Strikes out swinging
Pitching: RHP Nick Ruby
Batting: SHB Cristo Ontiveros 0-0: Foul Ball, location: 2F
0-1: Called Strike
0-2: Ball
1-2: SINGLE (Groundball, 34D)
Batting: RHB Earl Wiggins 0-0: Ball
1-0: Ball
2-0: Called Strike
2-1: Foul Ball, location: 2F
2-2: Strikes out swinging
Batting: RHB Mario Beltrán 0-0: SINGLE (Groundball, 4M)
Cristo Ontiveros to second
Runner from 2nd tries for 3rd, SAFE, throw made to third
Batting: RHB John Pick 0-0: Called Strike
0-1: Ball
1-1: Ball
2-1: SINGLE (Groundball, 34D)
Cristo Ontiveros scores
Mario Beltrán to second
Runner from 2nd tries for 3rd, SAFE, throw made to third
Batting: RHB Santo Cruz 0-0: Ball
Pickoff Throw to First - Out!
Bottom of the 6th over - 1 run(s), 3 hit(s), 0 error(s), 0 left on base; Calgary 1 - Houston 7
TOP OF THE 7TH
Calgary Cowboys batting - Pitching for Houston Hammertime : RHP Daniel Félix
Batting: RHB Derek Carr 0-0: Ball
1-0: Foul Ball, location: 2F
1-1: SINGLE (Line Drive, 7S)
Batting: RHB Tom Yarbrough 0-0: Called Strike
0-1: Ball
1-1: Ball
2-1: Called Strike
2-2: Grounds into double play, 6-4-3 (Groundball, 6)
Batting: RHB Mike Wilcox 0-0: Foul Ball, location: 2F
0-1: Ball
1-1: Ball
2-1: Ground out 5-3 (Groundball, 5)
Top of the 7th over - 0 run(s), 1 hit(s), 0 error(s), 0 left on base; Calgary 1 - Houston 7
BOTTOM OF THE 7TH
Houston Hammertime batting - Pitching for Calgary Cowboys : RHP Nick Ruby
Batting: RHB Santo Cruz 0-0: Ball
1-0: Called Strike
1-1: Ball
2-1: Ground out 5-3 (Groundball, 56)
Batting: LHB Fernando Camacho 0-0: Called Strike
0-1: Swinging Strike
0-2: Ball
1-2: Ball
2-2: Ball
3-2: Foul Ball, location: 2F
3-2: Base on Balls
Batting: RHB Moo-hyun Pak 0-0: SINGLE (Line Drive, 56D)
Fernando Camacho to second
Batting: RHB Robert Powell 0-0: Grounds into double play, 1-6-3 (Groundball, 13)
Bottom of the 7th over - 0 run(s), 1 hit(s), 0 error(s), 1 left on base; Calgary 1 - Houston 7
TOP OF THE 8TH
Calgary Cowboys batting - Pitching for Houston Hammertime : RHP Daniel Félix
Batting: RHB Dan Wyatt 0-0: Ball
1-0: Foul Ball, location: 2F
1-1: DOUBLE (Flyball, 89XD)
Batting: LHB Freddy Herrera 0-0: Called Strike
0-1: Ball
1-1: Swinging Strike
1-2: Strikes out swinging
Pitching: LHP Howard Bailey
Batting: RHB Cristián Peña 0-0: Ball
1-0: Foul Ball, location: 2F
1-1: Ball
2-1: Fly out, F2 (Popup, 2L)
Batting: RHB Clark Hodge 0-0: Called Strike
0-1: DOUBLE (Line Drive, 78D)
Dan Wyatt scores
Batting: RHB Mario Sánchez 0-0: Called Strike
0-1: Swinging Strike
0-2: Ball
1-2: Ball
2-2: Ball
3-2: Strikes out swinging
Top of the 8th over - 1 run(s), 2 hit(s), 0 error(s), 1 left on base; Calgary 2 - Houston 7
BOTTOM OF THE 8TH
Houston Hammertime batting - Pitching for Calgary Cowboys : RHP Nick Ruby
Batting: LHB José Villegas 0-0: Ball
1-0: SINGLE (Groundball, 4S) (infield hit)
Batting: SHB Cristo Ontiveros 0-0: Ball
1-0: Ball
2-0: Ball
3-0: Called Strike
3-1: Base on Balls
José Villegas to second
Pitching: RHP Eric Bell
Batting: RHB Earl Wiggins 0-0: Foul Ball, location: 2F
0-1: Foul Ball, location: 2F
0-2: Ball
1-2: Foul Ball, location: 2F
1-2: 3-RUN HOME RUN (Line Drive, 78XD), Distance : 404 ft
Batting: RHB Mario Beltrán 0-0: SINGLE (Line Drive, 34)
Pinch Hitting: RHB Rafael Torres 0-0: Sac Bunt - play at first, batter OUT! 1-4
Mario Beltrán to second
Batting: RHB Santo Cruz 0-0: Ball
1-0: Called Strike
1-1: Swinging Strike
1-2: Ball
Wild Pitch!
Mario Beltrán to third
2-2: Ball
3-2: SINGLE (Line Drive, 7S)
Mario Beltrán scores
Batting: LHB Fernando Camacho 0-0: Ball
Santo Cruz steals 2nd base
1-0: Foul Ball, location: 2F
1-1: Foul Ball, location: 2F
1-2: Foul Ball, location: 2F
1-2: Ball
2-2: Foul Ball, location: 2F
2-2: Foul Ball, location: 2F
2-2: Foul Ball, location: 2F
2-2: Fly out, F9 (Flyball, 9D)
Runner from 2nd tags up, SAFE at 3rd, no throw
Batting: RHB Moo-hyun Pak 0-0: Ball
1-0: Called Strike
1-1: Foul Ball, location: 2F
1-2: Ball
2-2: Ball
3-2: Foul Ball, location: 2F
3-2: Fly out, F7 (Flyball, 7LD)
Bottom of the 8th over - 4 run(s), 4 hit(s), 0 error(s), 1 left on base; Calgary 2 - Houston 11
TOP OF THE 9TH
Calgary Cowboys batting - Pitching for Houston Hammertime : LHP Howard Bailey
Now at 2B: Rafael Torres
Batting: RHB Iain Liefting 0-0: Ball
1-0: Called Strike
1-1: Foul Ball, location: 2F
1-2: Ball
2-2: Ball
3-2: Ground out 5-3 (Groundball, 56)
Batting: RHB Derek Carr 0-0: Swinging Strike
Reached via error on a dropped throw, E3
Batting: RHB Tom Yarbrough 0-0: Foul Ball, location: 2F
0-1: DOUBLE (Line Drive, 78XD)
Derek Carr to third
Batting: RHB Mike Wilcox 0-0: Fly out, F4 (Popup, 34)
Batting: RHB Dan Wyatt 0-0: Ball
1-0: Ball
Wild Pitch!
Derek Carr scores
Tom Yarbrough to third
2-0: Called Strike
2-1: Ball
3-1: Base on Balls
Batting: LHB Freddy Herrera 0-0: Swinging Strike
0-1: Foul Ball, location: 2F
0-2: Foul Ball, location: 2F
0-2: Strikes out swinging passed ball, reaches first!
Tom Yarbrough scores
Dan Wyatt to second
Batting: RHB Cristián Peña 0-0: Ball
1-0: Ball
2-0: Ball
3-0: Called Strike
3-1: Ground out 4-3 (Groundball, 4)
Top of the 9th over - 2 run(s), 1 hit(s), 1 error(s), 2 left on base; Calgary 4 - Houston 11
This league is powered by Out of the Park Baseball, the baseball management simulation game for PC, Mac and Linux
Saturday, April 9th, 2016 - OOTP Baseball 16.8 Build 38